Nashville Predators vs San Jose Sharks
Created - Tuesday, May 14, 2024 at 07:29
Goals
|
| Nashville Predators |
1 |
0 |
1 |
2 |
| San Jose Sharks |
1 |
3 |
0 |
4 |
|
Shots
|
| Nashville Predators |
15 |
14 |
3 |
32 |
| San Jose Sharks |
16 |
12 |
5 |
33 |
|
1st period
1. San Jose Sharks , Adam Henrique 25 (Kailer Yamamoto 4) at 8:08
2. Nashville Predators , Corey Perry 9 (Markus Niemelainen 11) at 19:40
Penalties :
Kailer Yamamoto (SJS) for Hooking (Minor) at 4:07
2nd period
3. San Jose Sharks , Valeri Nichushkin 37 (Rickard Rakell 16, Adam Henrique 42) at 5:18 (PP)
4. San Jose Sharks , Ivan Barbashev 21 (Christopher Tanev 15, Dylan Strome 38) at 11:55
5. San Jose Sharks , Ivan Barbashev 22 (William Karlsson 31) at 14:02 (PP)
Penalties :
Kevin Labanc (NSH) for Hooking (Minor) at 3:56, Morgan Frost (NSH) for Hooking (Minor) at 14:01
3rd period
6. Nashville Predators , Jacob Peterson 30 (Thomas Novak 31) at 17:28 (PP)
Penalties :
Christopher Tanev (SJS) for Cross-checking (Minor) at 8:25, Ivan Barbashev (SJS) for Roughing (Double Minor) at 16:52
Goalie Stats
Kevin Lankinen (NSH), 29 saves from 33 shots - (0.879), L, 4-5-0, 60:00 minutes
Ilya Samsonov (SJS), 30 saves from 32 shots - (0.938), W, 27-19-7, 60:00 minutes
Players Stats for Nashville Predators
Player Name G A P +/- PIM S H SB GA TA FO MP PP MP PK MP
------------------------------------------------------------------------------------
Alex Newhook 0 0 0 1 0 5 1 0 2 0 1/1 17:33 3:13 0:39
Alexander Alexeyev 0 0 0 0 0 0 2 1 0 2 0/0 21:37 3:35 0:28
Brett Leason 0 0 0 -1 0 0 0 0 1 1 0/0 8:35 0:00 0:00
Corey Perry 1 0 1 1 0 3 2 0 0 0 3/9 13:43 0:00 0:00
Henri Jokiharju 0 0 0 -1 0 1 3 0 0 1 0/0 23:09 2:58 0:55
Jacob Peterson 1 0 1 0 0 5 1 0 1 0 0/2 18:23 3:20 0:44
Jakub Voracek 0 0 0 0 0 0 0 0 0 0 0/0 17:39 3:20 0:00
Justin Braun 0 0 0 0 0 0 2 1 0 0 0/0 17:40 0:00 0:00
Kevin Labanc 0 0 0 -1 2 0 1 0 1 0 0/1 15:16 0:00 0:00
Markus Niemelainen 0 1 1 0 0 2 1 0 0 0 0/0 19:11 3:35 0:28
Morgan Frost 0 0 0 -1 2 3 3 0 1 0 11/22 18:56 3:13 0:38
Nate Schmidt 0 0 0 -1 0 0 0 2 0 0 0/0 23:09 2:58 0:55
Oliver Kylington 0 0 0 0 0 1 1 0 1 1 0/0 15:14 0:00 0:00
Patrick Maroon 0 0 0 -1 0 3 1 0 0 0 2/4 9:10 0:00 0:00
Rasmus Kupari 0 0 0 -1 0 2 1 0 0 0 0/0 8:35 0:00 0:00
Sam Gagner 0 0 0 -1 0 4 1 0 0 0 1/2 18:20 3:13 0:01
Thomas Novak 0 1 1 0 0 2 0 0 0 0 12/26 18:23 3:20 0:44
Zemgus Girgensons 0 0 0 1 0 1 1 0 0 0 0/1 14:02 0:00 0:00
Players Stats for San Jose Sharks
Player Name G A P +/- PIM S H SB GA TA FO MP PP MP PK MP
------------------------------------------------------------------------------------
Adam Henrique 1 1 2 1 0 5 1 1 1 1 11/18 17:45 0:49 3:11
Andreas Athanasiou 0 0 0 1 0 4 0 0 0 0 0/0 13:43 0:00 0:00
Christian Dvorak 0 0 0 1 0 0 1 0 0 1 13/16 15:15 0:00 0:00
Christopher Tanev 0 1 1 1 2 1 2 2 0 1 0/0 21:46 0:55 2:08
Derek Forbort 0 0 0 -1 0 1 1 0 0 0 0/0 19:49 0:28 0:45
Dmitry Orlov 0 0 0 1 0 1 1 3 0 0 0/0 21:44 0:28 3:27
Dylan Strome 0 1 1 1 0 2 2 0 1 2 0/2 15:26 0:34 0:00
Ilya Mikheyev 0 0 0 0 0 1 0 0 0 0 0/0 8:07 0:00 0:00
Ivan Barbashev 2 0 2 1 4 4 0 0 0 1 0/2 15:26 0:34 0:00
Joel Edmundson 0 0 0 -1 0 1 3 0 0 0 0/0 19:31 0:55 0:00
Kailer Yamamoto 0 1 1 1 2 2 1 1 2 1 1/1 14:05 0:00 0:00
Rickard Rakell 0 1 1 -1 0 2 2 1 1 0 0/0 19:10 0:49 3:22
Ryan Hartman 0 0 0 0 0 0 1 0 0 0 2/3 8:28 0:00 0:00
Simon Benoit 0 0 0 1 0 2 1 0 0 0 0/0 18:45 0:00 3:06
Valeri Nichushkin 1 0 1 -1 0 5 2 0 0 0 1/4 19:12 0:49 3:22
Victor Olofsson 0 0 0 0 0 1 0 0 0 0 0/0 8:05 0:00 0:00
William Karlsson 0 1 1 -1 0 0 2 0 0 0 10/22 18:18 0:34 3:11
Zachary Werenski 0 0 0 1 0 1 1 1 0 0 0/0 18:49 0:00 3:40
3 Stars
1 - Adam Henrique (SJS)
2 - Ivan Barbashev (SJS)
3 - Ilya Samsonov (SJS)
Power Play
Nashville Predators - 1 on 4 Attempt(s) - 25.00%
San Jose Sharks - 2 on 2 Attempt(s) - 100.00%
Penalty Kill
Nashville Predators - 0 on 2 Attempt(s) - 0.00%
- Score 0 goal in Penalty Kill
San Jose Sharks - 3 on 4 Attempt(s) - 75.00%
- Score 0 goal in Penalty Kill
Team Stat
Nashville Predators - Hits : 21 - Faceoff Wins : 30 - Blocked Shots : 4 - Penalty Minutes : 4
San Jose Sharks - Hits : 21 - Faceoff Wins : 38 - Blocked Shots : 9 - Penalty Minutes : 8
Official
Referees : Jacob Brenk and Kelly Sutherland
Linesman : Unknown
Game Notes
No Game Note
Finance
Level 1 -- Attendance: 4430 (73.83%) -- Ticket Income $429,710
Level 2 -- Attendance: 4158 (83.16%) -- Ticket Income $237,006
Level 3 -- Attendance: 2746 (91.53%) -- Ticket Income $90,618
Level 4 -- Attendance: 4827 (96.54%) -- Ticket Income $106,194
Luxury Box -- Attendance: 928 (92.80%) -- Ticket Income $179,104
Game was played at the SAP Center at San Jose.
Total Attendance: 17089 (85.45%)
Total Ticket Income: $1,042,632
Other Income: $364,921
Total Income: $1,407,553
Nashville Predators
5 vs 5 Forward
Center Left Wing Right Wing Time % Phy DF OF
1 Thomas Novak Jacob Peterson Jakub Voracek 30 1 2 2
2 Morgan Frost Kevin Labanc Sam Gagner 30 1 2 2
3 Corey Perry Alex Newhook Zemgus Girgensons 25 1 2 2
4 Patrick Maroon Rasmus Kupari Brett Leason 15 1 2 2
5 vs 5 Defense
Defense Defense Time % Phy DF OF
1 Henri Jokiharju Nate Schmidt 35 1 2 2
2 Justin Braun Alexander Alexeyev 35 1 2 2
3 Markus Niemelainen Oliver Kylington 30 1 2 2
4 Henri Jokiharju Nate Schmidt 0 1 2 2
PowerPlay Forward
Center Left Wing Right Wing Time % Phy DF OF
1 Thomas Novak Jacob Peterson Jakub Voracek 50 1 2 2
2 Morgan Frost Alex Newhook Sam Gagner 50 1 2 2
PowerPlay Defense
Defense Defense Time % Phy DF OF
1 Nate Schmidt Henri Jokiharju 50 1 2 2
2 Markus Niemelainen Alexander Alexeyev 50 1 2 2
Penalty Kill 4 Players Forward
Center Wing Time % Phy DF OF
1 Thomas Novak Jacob Peterson 50 1 2 2
2 Morgan Frost Alex Newhook 50 1 2 2
Penalty Kill 4 Players Defense
Defense Defense Time % Phy DF OF
1 Henri Jokiharju Nate Schmidt 50 1 2 2
2 Alexander Alexeyev Markus Niemelainen 50 1 2 2
Penalty Kill - 3 Players Forward
Forward Time % Phy DF OF
1 Jacob Peterson 50 1 2 2
2 Morgan Frost 50 1 2 2
Penalty Kill - 3 Players Defense
Defense Defense Time % Phy DF OF
1 Henri Jokiharju Nate Schmidt 50 1 2 2
2 Markus Niemelainen Alexander Alexeyev 50 1 2 2
4 vs 4 Forward
Center Wing Time % Phy DF OF
1 Thomas Novak Jacob Peterson 50 1 2 2
2 Morgan Frost Sam Gagner 50 1 2 2
4 vs 4 Defense
Defense Defense Time % Phy DF OF
1 Henri Jokiharju Nate Schmidt 50 1 2 2
2 Alexander Alexeyev Markus Niemelainen 50 1 2 2
Last Minutes Offensive
Center Left Wing Right Wing Defense Defense
Thomas Novak Jacob Peterson Kevin Labanc Nate Schmidt Henri Jokiharju
Last Minutes Defensive
Center Left Wing Right Wing Defense Defense
Morgan Frost Corey Perry Rasmus Kupari Henri Jokiharju Nate Schmidt
Goaltenders
Starting : Kevin Lankinen
Backup : Adin Hill
Extra Forwards
Normal : Thomas Novak, Sam Gagner, Morgan Frost - PP : Sam Gagner, Alex Newhook - PK : Morgan Frost
Extra Defensemen
Normal : Henri Jokiharju, Markus Niemelainen, Nate Schmidt - PP : Markus Niemelainen - PK : Alexander Alexeyev, Markus Niemelainen
Penalty Shots
Jacob Peterson, Jakub Voracek, Kevin Labanc, Morgan Frost, Thomas Novak
San Jose Sharks
5 vs 5 Forward
Center Left Wing Right Wing Time % Phy DF OF
1 William Karlsson Valeri Nichushkin Rickard Rakell 30 1 2 2
2 Christian Dvorak Dylan Strome Ivan Barbashev 30 1 2 2
3 Adam Henrique Andreas Athanasiou Kailer Yamamoto 25 1 2 2
4 Ryan Hartman Victor Olofsson Ilya Mikheyev 15 1 2 2
5 vs 5 Defense
Defense Defense Time % Phy DF OF
1 Dmitry Orlov Christopher Tanev 35 1 2 2
2 Derek Forbort Joel Edmundson 35 1 2 2
3 Zachary Werenski Simon Benoit 30 1 2 2
4 Dmitry Orlov Christopher Tanev 0 1 2 2
PowerPlay Forward
Center Left Wing Right Wing Time % Phy DF OF
1 Adam Henrique Valeri Nichushkin Rickard Rakell 50 1 2 2
2 William Karlsson Dylan Strome Ivan Barbashev 50 1 2 2
PowerPlay Defense
Defense Defense Time % Phy DF OF
1 Dmitry Orlov Derek Forbort 50 1 2 2
2 Christopher Tanev Joel Edmundson 50 1 2 2
Penalty Kill 4 Players Forward
Center Wing Time % Phy DF OF
1 Valeri Nichushkin Rickard Rakell 50 1 2 2
2 Adam Henrique William Karlsson 50 1 2 2
Penalty Kill 4 Players Defense
Defense Defense Time % Phy DF OF
1 Christopher Tanev Simon Benoit 50 1 2 2
2 Dmitry Orlov Zachary Werenski 50 1 2 2
Penalty Kill - 3 Players Forward
Forward Time % Phy DF OF
1 Valeri Nichushkin 50 1 2 2
2 Rickard Rakell 50 1 2 2
Penalty Kill - 3 Players Defense
Defense Defense Time % Phy DF OF
1 Christopher Tanev Dmitry Orlov 50 1 2 2
2 Derek Forbort Simon Benoit 50 1 2 2
4 vs 4 Forward
Center Wing Time % Phy DF OF
1 Valeri Nichushkin Rickard Rakell 50 1 2 2
2 Adam Henrique William Karlsson 50 1 2 2
4 vs 4 Defense
Defense Defense Time % Phy DF OF
1 Dmitry Orlov Derek Forbort 50 1 2 2
2 Simon Benoit Christopher Tanev 50 1 2 2
Last Minutes Offensive
Center Left Wing Right Wing Defense Defense
Adam Henrique Valeri Nichushkin Rickard Rakell Dmitry Orlov Christopher Tanev
Last Minutes Defensive
Center Left Wing Right Wing Defense Defense
Adam Henrique Valeri Nichushkin Rickard Rakell Dmitry Orlov Christopher Tanev
Goaltenders
Starting : Ilya Samsonov
Backup : Logan Thompson
Extra Forwards
Normal : Kailer Yamamoto, Christian Dvorak, Ryan Hartman - PP : Kailer Yamamoto, Christian Dvorak - PK : Ryan Hartman
Extra Defensemen
Normal : Simon Benoit, Dmitry Orlov, Derek Forbort - PP : Simon Benoit - PK : Christopher Tanev, Derek Forbort
Penalty Shots
Valeri Nichushkin, Rickard Rakell, Adam Henrique, William Karlsson, Dylan Strome
% Time on Ice - Nashville Predators
Lines # - Real PCT - Wanted PCT - Time Play
Normal Forward
1 - 28% - 30% - 14:40
2 - 29% - 30% - 15:06
3 - 26% - 25% - 13:43
4 - 16% - 15% - 8:35
Normal Defense
1 - 37% - 35% - 19:16
2 - 34% - 35% - 17:43
3 - 29% - 30% - 15:05
4 - 0% - 0% - 0:00
PP Forward
1 - 51% - 50% - 3:20
2 - 49% - 50% - 3:13
PP Defense
1 - 45% - 50% - 2:58
2 - 55% - 50% - 3:35
PK Forward
1 - 53% - 50% - 0:44
2 - 47% - 50% - 0:39
PK Defense
1 - 66% - 50% - 0:55
2 - 34% - 50% - 0:28
PK3 Forward
1 - 0% - 50%
2 - 0% - 50%
PK3 Defense
1 - 0% - 50%
2 - 0% - 50%
44 Forward
1 - 0% - 50%
2 - 0% - 50%
44 Defense
1 - 0% - 50%
2 - 0% - 50%
Last Minute Offensive - 0:00
Last Minute Defensive - 0:00
Total
Forward - 60:00
Defense - 60:00
|
% Time on Ice - San Jose Sharks
Lines # - Real PCT - Wanted PCT - Time Play
Normal Forward
1 - 30% - 30% - 15:24
2 - 29% - 30% - 14:52
3 - 26% - 25% - 13:43
4 - 16% - 15% - 8:05
Normal Defense
1 - 34% - 35% - 17:55
2 - 36% - 35% - 18:37
3 - 29% - 30% - 14:51
4 - 1% - 0% - 0:41
PP Forward
1 - 59% - 50% - 0:49
2 - 41% - 50% - 0:34
PP Defense
1 - 34% - 50% - 0:28
2 - 66% - 50% - 0:55
PK Forward
1 - 51% - 50% - 3:22
2 - 49% - 50% - 3:11
PK Defense
1 - 47% - 50% - 3:06
2 - 53% - 50% - 3:27
PK3 Forward
1 - 0% - 50%
2 - 0% - 50%
PK3 Defense
1 - 0% - 50%
2 - 0% - 50%
44 Forward
1 - 0% - 50%
2 - 0% - 50%
44 Defense
1 - 0% - 50%
2 - 0% - 50%
Last Minute Offensive - 0:00
Last Minute Defensive - 0:00
Total
Forward - 60:00
Defense - 60:00
|
Play-by-Play
1st period
0:01 of 1st period - William Karlsson wins face-off versus Thomas Novak in neutral zone.
0:26 of 1st period - Kevin Labanc is hit by Dylan Strome and loses puck.
0:38 of 1st period - Off-side.
0:39 of 1st period - Corey Perry wins face-off versus Adam Henrique in neutral zone.
0:42 of 1st period - Wrist shot by Oliver Kylington.
0:42 of 1st period - Shot Misses the Net.
1:04 of 1st period - Ilya Mikheyev is hit by Patrick Maroon and loses puck.
1:33 of 1st period - Off-side.
1:34 of 1st period - Christian Dvorak wins face-off versus Thomas Novak in neutral zone.
2:09 of 1st period - Snap shot by Corey Perry.
2:09 of 1st period - Stopped by Ilya Samsonov without a rebound.
2:10 of 1st period - William Karlsson wins face-off versus Morgan Frost in San Jose Sharks zone.
2:25 of 1st period - Slapshot by Valeri Nichushkin.
2:25 of 1st period - Stopped by Kevin Lankinen with a rebound.
2:37 of 1st period - Patrick Maroon is hit by Simon Benoit and loses puck.
2:42 of 1st period - Wrist shot by Dylan Strome.
2:42 of 1st period - Stopped by Kevin Lankinen with a rebound.
3:20 of 1st period - Dmitry Orlov is hit by Alexander Alexeyev and loses puck.
3:25 of 1st period - Wrist shot by Corey Perry.
3:25 of 1st period - Shot Blocked by Dmitry Orlov.
3:27 of 1st period - Snap shot by Zemgus Girgensons.
3:27 of 1st period - Stopped by Ilya Samsonov without a rebound.
3:28 of 1st period - William Karlsson wins face-off versus Morgan Frost in San Jose Sharks zone.
4:00 of 1st period - Slapshot by Corey Perry.
4:00 of 1st period - Shot Blocked by Christopher Tanev.
4:02 of 1st period - Slapshot by Henri Jokiharju.
4:02 of 1st period - Shot Blocked by Dmitry Orlov.
4:04 of 1st period - Slapshot by Nate Schmidt.
4:04 of 1st period - Deflect By Corey Perry.
4:04 of 1st period - Shot Misses the Net.
4:04 of 1st period - Puck is out of play.
4:05 of 1st period - Adam Henrique wins face-off versus Thomas Novak in San Jose Sharks zone.
4:07 of 1st period - Minor Penalty to Kailer Yamamoto for Hooking.
4:08 of 1st period - Thomas Novak wins face-off versus Valeri Nichushkin in San Jose Sharks zone.
4:14 of 1st period - Wrist shot by Thomas Novak.
4:14 of 1st period - Stopped by Ilya Samsonov without a rebound.
4:15 of 1st period - Thomas Novak wins face-off versus Valeri Nichushkin in San Jose Sharks zone.
4:42 of 1st period - Snap shot by Adam Henrique.
4:42 of 1st period - Stopped by Kevin Lankinen with a rebound.
5:46 of 1st period - Dmitry Orlov is hit by Morgan Frost and loses puck.
6:07 of 1st period - Penalty to Kailer Yamamoto is over, Kailer Yamamoto is back on ice.
7:08 of 1st period - Icing by Brett Leason.
7:09 of 1st period - Christian Dvorak wins face-off versus Patrick Maroon in Nashville Predators zone.
7:20 of 1st period - Wrist shot by Valeri Nichushkin.
7:20 of 1st period - Shot Misses the Net.
7:34 of 1st period - Icing by Ivan Barbashev.
7:35 of 1st period - Christian Dvorak wins face-off versus Thomas Novak in San Jose Sharks zone.
7:58 of 1st period - Icing by Alexander Alexeyev.
7:59 of 1st period - Adam Henrique wins face-off versus Morgan Frost in Nashville Predators zone.
8:08 of 1st period - Snap shot by Adam Henrique.
8:08 of 1st period - Goal by Adam Henrique - Nashville Predators : 0 - San Jose Sharks : 1.
8:09 of 1st period - William Karlsson wins face-off versus Jacob Peterson in neutral zone.
8:14 of 1st period - Wrist shot by Rickard Rakell.
8:14 of 1st period - Stopped by Kevin Lankinen without a rebound.
8:15 of 1st period - Thomas Novak wins face-off versus William Karlsson in Nashville Predators zone.
8:15 of 1st period - Thomas Novak is hit by Derek Forbort.
8:45 of 1st period - Wrist shot by Adam Henrique.
8:45 of 1st period - Shot Misses the Net.
8:47 of 1st period - Snap shot by Kailer Yamamoto.
8:47 of 1st period - Shot Misses the Net.
8:49 of 1st period - Slapshot by Derek Forbort.
8:49 of 1st period - Shot Blocked by Nate Schmidt.
8:51 of 1st period - Snap shot by Kailer Yamamoto.
8:51 of 1st period - Stopped by Kevin Lankinen without a rebound.
8:52 of 1st period - Christian Dvorak wins face-off versus Zemgus Girgensons in Nashville Predators zone.
8:59 of 1st period - Snap shot by Dylan Strome.
8:59 of 1st period - Deflect By Ivan Barbashev.
8:59 of 1st period - Stopped by Kevin Lankinen without a rebound.
9:00 of 1st period - Christian Dvorak wins face-off versus Corey Perry in Nashville Predators zone.
9:51 of 1st period - Backhand shot by Morgan Frost.
9:51 of 1st period - Stopped by Ilya Samsonov with a rebound.
10:07 of 1st period - Alexander Alexeyev is hit by Christopher Tanev.
10:29 of 1st period - Slapshot by Kailer Yamamoto.
10:29 of 1st period - Stopped by Kevin Lankinen with a rebound.
10:31 of 1st period - Slapshot by Derek Forbort.
10:31 of 1st period - Deflect By Morgan Frost.
10:31 of 1st period - Stopped by Kevin Lankinen with a rebound.
10:33 of 1st period - Snap shot by Adam Henrique.
10:33 of 1st period - Stopped by Kevin Lankinen without a rebound.
10:34 of 1st period - Adam Henrique wins face-off versus Thomas Novak in Nashville Predators zone.
10:35 of 1st period - Wrist shot by Kailer Yamamoto.
10:35 of 1st period - Shot Misses the Net.
10:37 of 1st period - Wrist shot by Adam Henrique.
10:37 of 1st period - Deflect By Nate Schmidt.
10:37 of 1st period - Stopped by Kevin Lankinen without a rebound.
10:38 of 1st period - Thomas Novak wins face-off versus William Karlsson in Nashville Predators zone.
10:47 of 1st period - Wrist shot by Jacob Peterson.
10:47 of 1st period - Deflect By Thomas Novak.
10:47 of 1st period - Stopped by Ilya Samsonov without a rebound.
10:48 of 1st period - Thomas Novak wins face-off versus William Karlsson in San Jose Sharks zone.
10:53 of 1st period - Wrist shot by Jacob Peterson.
10:53 of 1st period - Stopped by Ilya Samsonov without a rebound.
10:54 of 1st period - Thomas Novak wins face-off versus Adam Henrique in San Jose Sharks zone.
11:23 of 1st period - Slapshot by Valeri Nichushkin.
11:23 of 1st period - Shot Blocked by Nate Schmidt.
11:25 of 1st period - Snap shot by Rickard Rakell.
11:25 of 1st period - Stopped by Kevin Lankinen without a rebound.
11:26 of 1st period - Morgan Frost wins face-off versus Ryan Hartman in Nashville Predators zone.
12:16 of 1st period - Snap shot by William Karlsson.
12:16 of 1st period - Shot Blocked by Alexander Alexeyev.
12:38 of 1st period - Wrist shot by Alex Newhook.
12:38 of 1st period - Stopped by Ilya Samsonov without a rebound.
12:39 of 1st period - Adam Henrique wins face-off versus Corey Perry in San Jose Sharks zone.
12:49 of 1st period - Icing by Adam Henrique.
12:50 of 1st period - Thomas Novak wins face-off versus Adam Henrique in San Jose Sharks zone.
12:59 of 1st period - Snap shot by Thomas Novak.
12:59 of 1st period - Shot Blocked by Adam Henrique.
13:01 of 1st period - Snap shot by Markus Niemelainen.
13:01 of 1st period - Stopped by Ilya Samsonov with a rebound.
13:05 of 1st period - Snap shot by Jacob Peterson.
13:05 of 1st period - Stopped by Ilya Samsonov with a rebound.
13:15 of 1st period - Snap shot by Adam Henrique.
13:15 of 1st period - Stopped by Kevin Lankinen without a rebound.
13:16 of 1st period - Christian Dvorak wins face-off versus Morgan Frost in Nashville Predators zone.
13:19 of 1st period - Backhand shot by Dylan Strome.
13:19 of 1st period - Shot Misses the Net.
13:50 of 1st period - Jacob Peterson is hit by William Karlsson and loses puck.
15:22 of 1st period - Wrist shot by Rasmus Kupari.
15:22 of 1st period - Deflect By Patrick Maroon.
15:22 of 1st period - Shot Blocked by Christopher Tanev.
15:22 of 1st period - Puck is out of play.
15:23 of 1st period - Adam Henrique wins face-off versus Thomas Novak in San Jose Sharks zone.
15:50 of 1st period - Zachary Werenski is hit by Henri Jokiharju and loses puck.
15:59 of 1st period - Snap shot by Morgan Frost.
15:59 of 1st period - Shot Misses the Net.
16:20 of 1st period - Off-side.
16:21 of 1st period - William Karlsson wins face-off versus Thomas Novak in neutral zone.
16:43 of 1st period - Icing by Christopher Tanev.
16:44 of 1st period - Christian Dvorak wins face-off versus Morgan Frost in San Jose Sharks zone.
17:14 of 1st period - Snap shot by Ilya Mikheyev.
17:14 of 1st period - Stopped by Kevin Lankinen without a rebound.
17:15 of 1st period - Ryan Hartman wins face-off versus Corey Perry in Nashville Predators zone.
17:41 of 1st period - Nate Schmidt is hit by Joel Edmundson and loses puck.
17:48 of 1st period - Snap shot by Rickard Rakell.
17:48 of 1st period - Shot Misses the Net.
17:50 of 1st period - Slapshot by Simon Benoit.
17:50 of 1st period - Stopped by Kevin Lankinen with a rebound.
17:52 of 1st period - Slapshot by Simon Benoit.
17:52 of 1st period - Stopped by Kevin Lankinen with a rebound.
18:44 of 1st period - Wrist shot by Corey Perry.
18:44 of 1st period - Stopped by Ilya Samsonov with a rebound.
18:46 of 1st period - Snap shot by Zemgus Girgensons.
18:46 of 1st period - Shot Misses the Net.
18:54 of 1st period - Snap shot by Alex Newhook.
18:54 of 1st period - Stopped by Ilya Samsonov with a rebound.
19:04 of 1st period - Slapshot by Sam Gagner.
19:04 of 1st period - Stopped by Ilya Samsonov with a rebound.
19:06 of 1st period - Slapshot by Justin Braun.
19:06 of 1st period - Shot Blocked by Rickard Rakell.
19:08 of 1st period - Slapshot by Justin Braun.
19:08 of 1st period - Shot Misses the Net.
19:12 of 1st period - Backhand shot by Sam Gagner.
19:12 of 1st period - Stopped by Ilya Samsonov without a rebound.
19:13 of 1st period - Thomas Novak wins face-off versus Christian Dvorak in San Jose Sharks zone.
19:22 of 1st period - Wrist shot by Jacob Peterson.
19:22 of 1st period - Stopped by Ilya Samsonov with a rebound.
19:40 of 1st period - Snap shot by Corey Perry.
19:40 of 1st period - Goal by Corey Perry - Nashville Predators : 1 - San Jose Sharks : 1.
19:41 of 1st period - William Karlsson wins face-off versus Morgan Frost in neutral zone.
Goals for this period are 1 for Nashville Predators vs 1 for San Jose Sharks.
Shots for this period are 15 for Nashville Predators vs 16 for San Jose Sharks.
2nd period
0:01 of 2nd period - Adam Henrique wins face-off versus Thomas Novak in neutral zone.
0:26 of 2nd period - Jacob Peterson is hit by Joel Edmundson and loses puck.
0:53 of 2nd period - Wrist shot by Corey Perry.
0:53 of 2nd period - Shot Blocked by Zachary Werenski.
0:55 of 2nd period - Snap shot by Zemgus Girgensons.
0:55 of 2nd period - Deflect By Zachary Werenski.
0:55 of 2nd period - Shot Misses the Net.
0:55 of 2nd period - Puck is out of play.
0:56 of 2nd period - Alex Newhook wins face-off versus Dylan Strome in San Jose Sharks zone.
1:40 of 2nd period - Wrist shot by Victor Olofsson.
1:40 of 2nd period - Stopped by Kevin Lankinen with a rebound.
1:42 of 2nd period - Slapshot by Ryan Hartman.
1:42 of 2nd period - Deflect By Ilya Mikheyev.
1:42 of 2nd period - Shot Misses the Net.
1:42 of 2nd period - Puck is out of play.
1:43 of 2nd period - Ryan Hartman wins face-off versus Kevin Labanc in Nashville Predators zone.
2:34 of 2nd period - Wrist shot by Rasmus Kupari.
2:34 of 2nd period - Stopped by Ilya Samsonov with a rebound.
2:40 of 2nd period - Snap shot by William Karlsson.
2:40 of 2nd period - Shot Hit the Post.
2:42 of 2nd period - Snap shot by Valeri Nichushkin.
2:42 of 2nd period - Stopped by Kevin Lankinen without a rebound.
2:43 of 2nd period - Adam Henrique wins face-off versus Morgan Frost in Nashville Predators zone.
2:56 of 2nd period - Snap shot by Sam Gagner.
2:56 of 2nd period - Stopped by Ilya Samsonov without a rebound.
2:57 of 2nd period - William Karlsson wins face-off versus Corey Perry in San Jose Sharks zone.
3:22 of 2nd period - Nate Schmidt is hit by Christian Dvorak and loses puck.
3:53 of 2nd period - Slapshot by Andreas Athanasiou.
3:53 of 2nd period - Stopped by Kevin Lankinen without a rebound.
3:54 of 2nd period - Morgan Frost wins face-off versus William Karlsson in Nashville Predators zone.
3:56 of 2nd period - Minor Penalty to Kevin Labanc for Hooking.
3:57 of 2nd period - Thomas Novak wins face-off versus Adam Henrique in Nashville Predators zone.
3:57 of 2nd period - Thomas Novak is hit by Rickard Rakell.
4:06 of 2nd period - Snap shot by Valeri Nichushkin.
4:06 of 2nd period - Shot Misses the Net.
4:31 of 2nd period - Wrist shot by Ivan Barbashev.
4:31 of 2nd period - Stopped by Kevin Lankinen without a rebound.
4:32 of 2nd period - Thomas Novak wins face-off versus Ivan Barbashev in Nashville Predators zone.
4:58 of 2nd period - Icing by Valeri Nichushkin.
4:59 of 2nd period - Adam Henrique wins face-off versus Thomas Novak in San Jose Sharks zone.
5:18 of 2nd period - Snap shot by Valeri Nichushkin.
5:18 of 2nd period - Goal by Valeri Nichushkin - Nashville Predators : 1 - San Jose Sharks : 2.
5:19 of 2nd period - Morgan Frost wins face-off versus Christian Dvorak in neutral zone.
6:07 of 2nd period - Snap shot by Kailer Yamamoto.
6:07 of 2nd period - Shot Misses the Net.
6:25 of 2nd period - Wrist shot by Patrick Maroon.
6:25 of 2nd period - Stopped by Ilya Samsonov with a rebound.
7:15 of 2nd period - Wrist shot by Adam Henrique.
7:15 of 2nd period - Shot Misses the Net.
7:29 of 2nd period - Snap shot by Alex Newhook.
7:29 of 2nd period - Shot Misses the Net.
7:46 of 2nd period - Off-side.
7:47 of 2nd period - Patrick Maroon wins face-off versus Christian Dvorak in neutral zone.
7:50 of 2nd period - Slapshot by Nate Schmidt.
7:50 of 2nd period - Shot Misses the Net.
7:52 of 2nd period - Wrist shot by Nate Schmidt.
7:52 of 2nd period - Deflect By Patrick Maroon.
7:52 of 2nd period - Stopped by Ilya Samsonov without a rebound.
7:53 of 2nd period - Christian Dvorak wins face-off versus Patrick Maroon in San Jose Sharks zone.
7:53 of 2nd period - Christian Dvorak is hit by Henri Jokiharju.
8:11 of 2nd period - Wrist shot by Patrick Maroon.
8:11 of 2nd period - Stopped by Ilya Samsonov without a rebound.
8:12 of 2nd period - William Karlsson wins face-off versus Thomas Novak in San Jose Sharks zone.
8:37 of 2nd period - Alexander Alexeyev is hit by Dmitry Orlov and loses puck.
8:55 of 2nd period - Off-side.
8:56 of 2nd period - Corey Perry wins face-off versus Ivan Barbashev in neutral zone.
9:11 of 2nd period - Snap shot by Alex Newhook.
9:11 of 2nd period - Stopped by Ilya Samsonov with a rebound.
9:21 of 2nd period - Joel Edmundson is hit by Henri Jokiharju and loses puck.
9:27 of 2nd period - Off-side.
9:28 of 2nd period - Morgan Frost wins face-off versus William Karlsson in neutral zone.
9:43 of 2nd period - Slapshot by Morgan Frost.
9:43 of 2nd period - Stopped by Ilya Samsonov with a rebound.
10:07 of 2nd period - Wrist shot by Jakub Voracek.
10:07 of 2nd period - Shot Misses the Net.
11:10 of 2nd period - Snap shot by Kevin Labanc.
11:10 of 2nd period - Shot Misses the Net.
11:12 of 2nd period - Slapshot by Markus Niemelainen.
11:12 of 2nd period - Stopped by Ilya Samsonov with a rebound.
11:51 of 2nd period - Snap shot by Dylan Strome.
11:51 of 2nd period - Stopped by Kevin Lankinen with a rebound.
11:53 of 2nd period - Slapshot by Christopher Tanev.
11:53 of 2nd period - Stopped by Kevin Lankinen with a rebound.
11:55 of 2nd period - Slapshot by Ivan Barbashev.
11:55 of 2nd period - Goal by Ivan Barbashev - Nashville Predators : 1 - San Jose Sharks : 3.
11:56 of 2nd period - Morgan Frost wins face-off versus Adam Henrique in neutral zone.
12:09 of 2nd period - Slapshot by Dmitry Orlov.
12:09 of 2nd period - Stopped by Kevin Lankinen without a rebound.
12:10 of 2nd period - William Karlsson wins face-off versus Thomas Novak in Nashville Predators zone.
12:35 of 2nd period - Henri Jokiharju is hit by Kailer Yamamoto and loses puck.
12:58 of 2nd period - Victor Olofsson is hit by Corey Perry and loses puck.
13:39 of 2nd period - Dmitry Orlov is hit by Justin Braun and loses puck.
13:50 of 2nd period - Snap shot by Jakub Voracek.
13:50 of 2nd period - Shot Misses the Net.
14:01 of 2nd period - Minor Penalty to Morgan Frost for Hooking.
14:02 of 2nd period - William Karlsson wins face-off versus Sam Gagner in Nashville Predators zone.
14:02 of 2nd period - Wrist shot by Ivan Barbashev.
14:02 of 2nd period - Goal by Ivan Barbashev - Nashville Predators : 1 - San Jose Sharks : 4.
14:03 of 2nd period - Kailer Yamamoto wins face-off versus Thomas Novak in neutral zone.
14:28 of 2nd period - William Karlsson is hit by Morgan Frost and loses puck.
14:33 of 2nd period - Snap shot by Morgan Frost.
14:33 of 2nd period - Stopped by Ilya Samsonov without a rebound.
14:34 of 2nd period - Sam Gagner wins face-off versus William Karlsson in San Jose Sharks zone.
14:42 of 2nd period - Off-side.
14:43 of 2nd period - Valeri Nichushkin wins face-off versus Morgan Frost in neutral zone.
15:00 of 2nd period - Wrist shot by Valeri Nichushkin.
15:00 of 2nd period - Stopped by Kevin Lankinen with a rebound.
15:02 of 2nd period - Wrist shot by Valeri Nichushkin.
15:02 of 2nd period - Deflect By Rickard Rakell.
15:02 of 2nd period - Shot Misses the Net.
15:02 of 2nd period - Puck is out of play.
15:03 of 2nd period - Thomas Novak wins face-off versus Dylan Strome in Nashville Predators zone.
15:07 of 2nd period - Off-side.
15:08 of 2nd period - Christian Dvorak wins face-off versus Jacob Peterson in neutral zone.
15:37 of 2nd period - Backhand shot by Henri Jokiharju.
15:37 of 2nd period - Stopped by Ilya Samsonov with a rebound.
16:21 of 2nd period - Snap shot by Rasmus Kupari.
16:21 of 2nd period - Stopped by Ilya Samsonov without a rebound.
16:22 of 2nd period - Christian Dvorak wins face-off versus Thomas Novak in San Jose Sharks zone.
16:29 of 2nd period - Slapshot by Zachary Werenski.
16:29 of 2nd period - Shot Misses the Net.
16:56 of 2nd period - Slapshot by Andreas Athanasiou.
16:56 of 2nd period - Stopped by Kevin Lankinen with a rebound.
17:15 of 2nd period - Dmitry Orlov is hit by Morgan Frost and loses puck.
17:26 of 2nd period - Wrist shot by Sam Gagner.
17:26 of 2nd period - Stopped by Ilya Samsonov without a rebound.
17:27 of 2nd period - Christian Dvorak wins face-off versus Thomas Novak in San Jose Sharks zone.
17:44 of 2nd period - Thomas Novak is hit by Dylan Strome and loses puck.
18:01 of 2nd period - Snap shot by Alex Newhook.
18:01 of 2nd period - Stopped by Ilya Samsonov without a rebound.
18:02 of 2nd period - Adam Henrique wins face-off versus Corey Perry in San Jose Sharks zone.
18:02 of 2nd period - Adam Henrique is hit by Alex Newhook.
18:32 of 2nd period - Corey Perry is hit by Adam Henrique and loses puck.
19:12 of 2nd period - Kailer Yamamoto is hit by Corey Perry.
19:42 of 2nd period - Backhand shot by Alex Newhook.
19:42 of 2nd period - Shot Blocked by Kailer Yamamoto.
19:44 of 2nd period - Snap shot by Alex Newhook.
19:44 of 2nd period - Stopped by Ilya Samsonov with a rebound.
Goals for this period are 0 for Nashville Predators vs 3 for San Jose Sharks.
Shots for this period are 14 for Nashville Predators vs 12 for San Jose Sharks.
3rd period
0:01 of 3rd period - Morgan Frost wins face-off versus William Karlsson in neutral zone.
0:37 of 3rd period - Justin Braun is hit by Zachary Werenski.
0:47 of 3rd period - Snap shot by Andreas Athanasiou.
0:47 of 3rd period - Stopped by Kevin Lankinen with a rebound.
2:15 of 3rd period - Off-side.
2:16 of 3rd period - Corey Perry wins face-off versus William Karlsson in neutral zone.
5:29 of 3rd period - Patrick Maroon is hit by William Karlsson and loses puck.
6:23 of 3rd period - Henri Jokiharju is hit by Ryan Hartman.
6:35 of 3rd period - Markus Niemelainen is hit by Joel Edmundson and loses puck.
6:46 of 3rd period - Snap shot by Christian Dvorak.
6:46 of 3rd period - Shot Misses the Net.
7:03 of 3rd period - Valeri Nichushkin is hit by Rasmus Kupari and loses puck.
7:30 of 3rd period - Victor Olofsson is hit by Kevin Labanc and loses puck.
7:39 of 3rd period - Zachary Werenski is hit by Justin Braun and loses puck.
7:57 of 3rd period - Wrist shot by Christian Dvorak.
7:57 of 3rd period - Shot Blocked by Justin Braun.
7:59 of 3rd period - Slapshot by Christian Dvorak.
7:59 of 3rd period - Deflect By Alexander Alexeyev.
7:59 of 3rd period - Shot Misses the Net.
7:59 of 3rd period - Puck is out of play.
8:00 of 3rd period - Patrick Maroon wins face-off versus William Karlsson in Nashville Predators zone.
8:05 of 3rd period - Backhand shot by William Karlsson.
8:05 of 3rd period - Shot Misses the Net.
8:07 of 3rd period - Slapshot by Joel Edmundson.
8:07 of 3rd period - Stopped by Kevin Lankinen without a rebound.
8:08 of 3rd period - Morgan Frost wins face-off versus William Karlsson in Nashville Predators zone.
8:15 of 3rd period - Christopher Tanev is hit by Sam Gagner and loses puck.
8:25 of 3rd period - Minor Penalty to Christopher Tanev for Cross-checking.
8:26 of 3rd period - Morgan Frost wins face-off versus Adam Henrique in San Jose Sharks zone.
8:26 of 3rd period - Wrist shot by Sam Gagner.
8:26 of 3rd period - Shot Misses the Net.
10:21 of 3rd period - Jakub Voracek is hit by Valeri Nichushkin and loses puck.
10:25 of 3rd period - Penalty to Christopher Tanev is over, Christopher Tanev is back on ice.
10:38 of 3rd period - Nate Schmidt is hit by Valeri Nichushkin.
10:55 of 3rd period - Slapshot by Valeri Nichushkin.
10:55 of 3rd period - Stopped by Kevin Lankinen without a rebound.
10:56 of 3rd period - Christian Dvorak wins face-off versus Corey Perry in Nashville Predators zone.
11:05 of 3rd period - Ivan Barbashev is hit by Zemgus Girgensons and loses puck.
11:24 of 3rd period - Off-side.
11:25 of 3rd period - Morgan Frost wins face-off versus Adam Henrique in neutral zone.
11:33 of 3rd period - Off-side.
11:34 of 3rd period - Adam Henrique wins face-off versus Morgan Frost in neutral zone.
11:46 of 3rd period - Snap shot by Morgan Frost.
11:46 of 3rd period - Shot Blocked by Dmitry Orlov.
12:00 of 3rd period - Icing by Nate Schmidt.
12:01 of 3rd period - Morgan Frost wins face-off versus William Karlsson in Nashville Predators zone.
12:01 of 3rd period - Morgan Frost is hit by Rickard Rakell.
13:18 of 3rd period - Snap shot by Andreas Athanasiou.
13:18 of 3rd period - Deflect By Patrick Maroon.
13:18 of 3rd period - Stopped by Kevin Lankinen with a rebound.
13:37 of 3rd period - Slapshot by Jacob Peterson.
13:37 of 3rd period - Stopped by Ilya Samsonov with a rebound.
13:39 of 3rd period - Slapshot by Oliver Kylington.
13:39 of 3rd period - Stopped by Ilya Samsonov with a rebound.
15:17 of 3rd period - Slapshot by Zachary Werenski.
15:17 of 3rd period - Stopped by Kevin Lankinen with a rebound.
15:43 of 3rd period - Ilya Mikheyev is hit by Alexander Alexeyev and loses puck.
15:54 of 3rd period - Derek Forbort is hit by Jacob Peterson and loses puck.
16:08 of 3rd period - Christopher Tanev is hit by Oliver Kylington and loses puck.
16:43 of 3rd period - Icing by Kevin Labanc.
16:44 of 3rd period - Christian Dvorak wins face-off versus Morgan Frost in Nashville Predators zone.
16:52 of 3rd period - Double Minor Penalty to Ivan Barbashev for Roughing.
16:53 of 3rd period - Adam Henrique wins face-off versus Morgan Frost in San Jose Sharks zone.
17:21 of 3rd period - Icing by Nate Schmidt.
17:22 of 3rd period - Thomas Novak wins face-off versus Valeri Nichushkin in Nashville Predators zone.
17:22 of 3rd period - Thomas Novak is hit by Christopher Tanev.
17:28 of 3rd period - Wrist shot by Jacob Peterson.
17:28 of 3rd period - Goal by Jacob Peterson - Nashville Predators : 2 - San Jose Sharks : 4.
17:29 of 3rd period - Morgan Frost wins face-off versus William Karlsson in neutral zone.
17:46 of 3rd period - Valeri Nichushkin is hit by Markus Niemelainen.
17:54 of 3rd period - Slapshot by Valeri Nichushkin.
17:54 of 3rd period - Shot Misses the Net.
19:28 of 3rd period - Penalty to Ivan Barbashev is over, Ivan Barbashev is back on ice.
Goals for this period are 1 for Nashville Predators vs 0 for San Jose Sharks.
Shots for this period are 3 for Nashville Predators vs 5 for San Jose Sharks.
Back to the Top